 Dungeon Crawl Stone Soup version bcrawl-1.26.1 (webtiles) character file.

Game seed: 7058622363258890348

146556 Freyura the Sneak (level 4, -3/23 HPs)
             Began as a Spriggan Rogue on July 11, 2020.
             Was a Follower of Ashenzari.
             Slain by a centaur (6 damage)
             ... on level 3 of the Dungeon.
             The game lasted 00:05:31 (1804 turns).

Freyura the Sneak (Spriggan Rogue)                  Turns: 1804, Time: 00:05:32

Health: -3/23      AC:  3    Str:  7    XL:     4   Next: 53%
Magic:  7/7        EV: 19    Int: 12    God:    Ashenzari [*.....]
Gold:   77         SH:  0    Dex: 18    Spells: 3/3 levels left

rFire    . . .     SeeInvis +   a - +3 dagger (curse)
rCold    . . .     Gourm    .   (shield restricted)
rNeg     . . .     Faith    .   c - +0 robe (curse)
rPois    .         Spirit   .   (helmet restricted)
rElec    .         Reflect  .   d - +0 cloak (curse)
rCorr    .         Harm     .   (gloves unavailable)
MR       .....                  (boots unavailable)
Stlth    ++++......             (no amulet)
HPRegen  0.07/turn              (no ring)
MPRegen  0.10/turn              (no ring)

@: very quick
A: very small, unfitting armour, see invisible, herbivore, speed 3, slow
metabolism 2
a: Curse Item, Scrying, Renounce Religion


You were on level 3 of the Dungeon.
You worshipped Ashenzari.
Ashenzari was aware of your devotion.
You were not hungry.

You visited 1 branch of the dungeon, and saw 3 of its levels.

You collected 77 gold pieces.

Inventory:

Hand Weapons
 a - a cursed +3 dagger (weapon)
 b - a +0 blowgun
Missiles
 h - 80 poisoned needles
Armour
 c - a cursed +0 robe (worn)
 d - a cursed +0 cloak (worn)
Wands
 f - a wand of flame (15)
 g - a wand of enslavement (15)
Potions
 i - a potion of might
 j - a potion of curing
 k - a potion of mutation {unknown}
 n - 2 potions of haste
 o - a potion of degeneration
 p - a potion of heal wounds {unknown}
Comestibles
 e - 7 rations {!d}


   Skills:
 + Level 2.1 Fighting
 + Level 3.2 Short Blades
 * Level 3.3 Dodging
 * Level 7.6 Stealth
 - Level 2.6 Evocations


You had 3 spell levels left.
You didn't know any spells.
Your spell library was empty.

Dungeon Overview and Level Annotations

Branches:
Dungeon (3/12)

Altars:
Ashenzari
Qazlal
Sif Muna
Xom
Zin

Annotations:
D:3 3 runed translucent doors


Innate Abilities, Weirdness & Mutations

You are very small and have problems with some larger weapons.
You are too small for most types of armour.
You have supernaturally acute eyesight. (SInv)
You are a herbivore.
You cover ground extremely quickly.
You need to consume almost no food.


Message History

You are too injured to fight recklessly!
You are too injured to fight recklessly!
You hit the centaur.
The centaur is heavily wounded.
The centaur hits you!
* * * LOW HITPOINT WARNING * * *
You hit the centaur but do no damage.
The centaur is heavily wounded.
The centaur misses you.
You hit the centaur.
The centaur is heavily wounded.
A ball python comes into view.
The centaur closely misses you.
You hit the centaur.
The centaur is severely wounded.
The centaur closely misses you. The centaur barely misses you.
You hit the centaur.
The centaur is almost dead.
The centaur hits you.
You die...

#... #... ### ..+...
..# ...... #.# #....
#.# ###.. #.########.#
# ###
#.....##...#####..# #
########.##.#...@cS..#
..
..##..........###....#
#... ..##.#####+++##
.##.# #... ..##.# ..
.# #... ..##.# .## .
#... ..##.# .# ....
..'..# .# ..#### ..
..#


You could see a centaur and a ball python.

Vanquished Creatures
  Terence (D:3)
  A worker ant (D:3)
  2 adders (D:2)
  A dart slug (D:2)
  A leopard gecko (D:1)
  An orc (D:3)
  A bat (D:2)
  3 giant cockroaches (D:1)
  9 goblins
  6 hobgoblins
  2 quokkas
  A frilled lizard (D:2)
  3 kobolds
  A quokka skeleton (D:2)
33 creatures vanquished.

Notes
Turn   | Place    | Note
-------+----------+-------------------------------------------
     0 | D:1      | Freyura the Spriggan Rogue began the quest for the Orb.
     0 | D:1      | Reached XP level 1. HP: 10/10 MP: 3/3
   174 | D:1      | Reached skill level 1 in Dodging
   287 | D:1      | Reached XP level 2. HP: 15/15 MP: 5/5
   405 | D:1      | Found a shattered altar of Ashenzari.
   410 | D:1      | Became a worshipper of Ashenzari the Shackled
  1041 | D:2      | Reached skill level 7 in Stealth
  1041 | D:2      | Reached XP level 3. HP: 16/18 MP: 6/6
  1255 | D:2      | Found a glowing silver altar of Zin.
  1461 | D:2      | Found a snail-covered altar of Cheibriados.
  1463 | D:2      | Found a shimmering altar of Xom.
  1463 | D:2      | Found a shimmering blue altar of Sif Muna.
  1465 | D:2      | Found a shadowy altar of Dithmenos.
  1465 | D:2      | Found a stormy altar of Qazlal.
  1465 | D:2      | Found a glowing silver altar of Zin.
  1571 | D:3      | Found a runed translucent gate.
  1571 | D:3      | Found a runed translucent gate.
  1571 | D:3      | Found a runed translucent gate.
  1578 | D:3      | Noticed Terence
  1585 | D:3      | Killed Terence
  1585 | D:3      | Reached XP level 4. HP: 23/23 MP: 7/7
  1718 | D:3      | Reached * piety under Ashenzari
  1791 | D:3      | Noticed a centaur
  1804 | D:3      | Slain by a centaur

Skill      XL: |  1  2  3 |
---------------+----------+-----
Dodging        | 1 2 3 |  3.3
Stealth        | 7 |  7.6
Fighting       | 2 |  2.1
Short Blades   | 3 |  3.2
Evocations     | |  2.6

Action                   |  1- 3 |  4- 6 || total
-------------------------+-------+-------++-------
Melee: Dagger            |    95 |    38 ||   133
Invok: Curse Item        |     3 |       ||     3
  Use: Scroll            |     9 |       ||     9
       Potion            |       |     1 ||     1
 Stab: Sleeping          |    13 |       ||    13
Armor: Robe              |     7 |     2 ||     9
Dodge: Dodged            |    56 |    26 ||    82
